WCHLSIM.com - West Coast Hockey League
html PUBLIC "-//W3C//DTD XHTML 1.0 Transitional//EN" "http://www.w3.org/TR/xhtml1/DTD/xhtml1-transitional.dtd"> WCHL - Game 306 - PORTLAND PIRATES vs KANSAS CITY KILLERBEES

PORTLAND PIRATES vs KANSAS CITY KILLERBEES

Created - 27 décembre 2020 at 21:15

Goals
1 2 3 OT1 T
PORTLAND PIRATES 2 1 1 0 4
KANSAS CITY KILLERBEES 2 1 1 1 5
Shots
1 2 3 OT1 T
PORTLAND PIRATES 9 11 16 0 36
KANSAS CITY KILLERBEES 10 7 10 2 29

1st period

1. PORTLAND PIRATES , Pavel Zacha 2 (Alec Martinez 2, Rickard Rakell 5) at 8:37
2. PORTLAND PIRATES , Robert Thomas 1 (Thomas Chabot 7, Rasmus Ristolainen 5) at 14:46 (PP)
3. KANSAS CITY KILLERBEES , Jacob Muzzin 4 (Nick Schmaltz 15) at 16:24 (PP)
4. KANSAS CITY KILLERBEES , Mark Stone 14 (Zach Hyman 9, Sean Couturier 21) at 16:56

Penalties :
Haydn Fleury (KCK) for Delaying the game (Minor) at 1:01, Brian Dumoulin (POR) for Hooking (Minor) at 5:11, Colin Miller (KCK) for Hooking (Minor) at 14:04, Brett Connolly (POR) for Roughing (Minor) at 14:48, Tyler Ennis (KCK) for Roughing (Minor) at 17:21

2nd period

5. KANSAS CITY KILLERBEES , Mark Stone 15 (Sean Couturier 22, Zach Hyman 10) at 9:19
6. PORTLAND PIRATES , Brett Connolly 3 (Chandler Stephenson 2, Yanni Gourde 4) at 10:08

Penalties :
Adam Larsson (KCK) for Roughing (Minor) at 6:14

3rd period

7. PORTLAND PIRATES , Gabriel Landeskog 5 (Travis Konecny 8) at 7:27
8. KANSAS CITY KILLERBEES , Sean Couturier 9 (Mark Stone 15) at 17:09

Penalties :
Mark Stone (KCK) for Tripping (Minor) at 4:03, Rasmus Ristolainen (POR) for Hooking (Minor) at 11:02

Overtime #1

9. KANSAS CITY KILLERBEES , Mark Stone 16 (Sean Couturier 23) at 2:02

Penalties :
No Penalty

Goalie Stats

Ben Bishop (POR), 4 saves from 6 shots - (0,667), OTL, 5-6-1, 5:41 minutes
Chris Driedger (POR), 20 saves from 23 shots - (0,870), 56:22 minutes
Mikhail Berdin (KCK), 32 saves from 36 shots - (0,889), W, 5-2-0, 62:03 minutes

Players Stats for PORTLAND PIRATES

Player Name              G  A  P  +/- PIM S  H  SB GA TA FO     MP     PP MP  PK MP  
------------------------------------------------------------------------------------
Adam Erne                0  0  0  -1  0   1  0  0  0  0  0/0     5:55   0:00   1:59 
Alec Martinez            0  1  1  -1  0   1  3  2  0  0  0/0    21:07   2:53   2:33 
Brett Connolly           1  0  1   1  2   3  3  0  0  0  0/0    16:24   2:23   0:00 
Brett Pesce              0  0  0   1  0   2  0  2  0  0  0/0    19:18   0:30   3:01 
Brian Dumoulin           0  0  0   0  2   0  0  0  0  0  0/0    13:34   0:00   0:00 
Chandler Stephenson      0  1  1   1  0   1  0  0  0  0  1/3    17:37   0:00   3:35 
Gabriel Landeskog        1  0  1  -1  0   5  0  0  0  0  0/0    19:16   3:44   0:00 
Jason Dickinson          0  0  0  -1  0   2  1  2  0  0  3/10    7:31   0:00   3:35 
Jonathan Toews           0  0  0  -1  0   4  1  0  0  0  15/23  19:16   3:44   0:00 
Pavel Zacha              1  0  1   0  0   6  2  0  0  0  8/21   18:22   4:54   0:00 
Rasmus Ristolainen       0  1  1   1  2   0  2  0  0  0  0/0    23:09   5:45   0:00 
Rickard Rakell           0  1  1   0  0   3  1  0  0  0  2/5    21:06   4:54   1:51 
Robert Thomas            1  0  1   0  0   3  0  0  0  0  2/2    18:22   4:54   0:00 
Ryan Donato              0  0  0  -1  0   1  0  0  0  0  0/0     3:56   0:00   0:00 
Thomas Chabot            0  1  1  -1  0   0  0  3  0  0  0/0    22:49   4:46   2:33 
Travis Hamonic           0  0  0  -1  0   2  1  3  0  0  0/0    19:41   0:59   3:01 
Travis Konecny           0  1  1   0  0   2  0  0  0  0  0/0    19:07   3:44   0:08 
Yanni Gourde             0  1  1   1  0   0  4  0  0  0  8/20   14:02   0:00   0:00 

Players Stats for KANSAS CITY KILLERBEES

Player Name              G  A  P  +/- PIM S  H  SB GA TA FO     MP     PP MP  PK MP  
------------------------------------------------------------------------------------
Adam Larsson             0  0  0   0  2   0  0  2  0  0  0/0    22:24   0:48   3:44 
Cam Fowler               0  0  0   1  0   0  1  1  0  0  0/0    20:34   2:01   1:43 
Colin Miller             0  0  0  -1  2   0  1  1  0  0  0/0    19:09   2:49   3:09 
Haydn Fleury             0  0  0   1  2   0  1  4  0  0  0/0    19:04   1:34   2:32 
Jacob Muzzin             1  0  1   1  0   1  0  1  0  0  0/0    23:15   2:45   2:41 
Josh Archibald           0  0  0   0  0   2  1  0  0  0  0/0    15:36   0:00   4:22 
Mark Stone               3  1  4   2  2   8  1  1  0  0  0/1    20:40   2:48   0:00 
Nicholas Ritchie         0  0  0   0  0   2  0  0  0  0  0/0    16:09   1:11   4:00 
Nick Schmaltz            0  1  1   0  0   2  0  1  0  0  12/21  18:10   1:35   0:00 
Oscar Fantenberg         0  0  0  -1  0   0  2  3  0  0  0/0    17:34   1:11   3:27 
Oskar Sundqvist          0  0  0  -1  0   0  0  0  0  0  1/4     1:22   0:00   0:00 
Paul Stastny             0  0  0   0  0   1  0  0  0  0  10/17  16:39   0:00   4:22 
Riley Sheahan            0  0  0  -1  0   0  1  0  0  0  6/10    5:38   0:00   4:16 
Ryan Dzingel             0  0  0  -1  0   1  0  0  0  0  0/0     4:08   2:46   0:00 
Sean Couturier           1  3  4   2  0   5  2  0  0  0  15/28  20:41   2:48   0:00 
Tyler Ennis              0  0  0   0  2   5  0  0  0  0  0/0    17:53   1:35   0:00 
Zach Hyman               0  2  2   1  0   1  2  0  0  0  1/2    21:00   2:48   0:16 
Zach Parise              0  0  0   0  0   1  0  0  0  0  0/1    17:30   1:11   0:00 

3 Stars

1 - Mark Stone (KCK)
2 - Sean Couturier (KCK)
3 - Zach Hyman (KCK)

Power Play

PORTLAND PIRATES - 1 on 5 Attempt(s) - 20,00%
KANSAS CITY KILLERBEES - 1 on 3 Attempt(s) - 33,33%

Penalty Kill

PORTLAND PIRATES - 2 on 3 Attempt(s) - 66,67% - Score 0 goal in Penalty Kill
KANSAS CITY KILLERBEES - 4 on 5 Attempt(s) - 80,00% - Score 0 goal in Penalty Kill

Team Stat

PORTLAND PIRATES - Hits : 18 - Faceoff Wins : 39 - Blocked Shots : 12 - Penalty Minutes : 6
KANSAS CITY KILLERBEES - Hits : 12 - Faceoff Wins : 45 - Blocked Shots : 14 - Penalty Minutes : 10

Official

Referees : Conor O'Donnell and Jim Curtin
Linesman : Matt MacPherson and Brian Murphy

Game Notes

Chris Driedger is injured at 16:22 of 3rd period (Sprained Left Finger)
Ben Bishop enters game at 16:22 of 3rd period
Mark Stone has scored a Hat Trick!

Finance

Level 1 -- Attendance: 6500 (100,00%) -- Ticket Income 682 500 $
Level 2 -- Attendance: 5300 (100,00%) -- Ticket Income 339 200 $
Level 3 -- Attendance: 2500 (100,00%) -- Ticket Income 97 500 $
Level 4 -- Attendance: 4200 (100,00%) -- Ticket Income 117 600 $
Luxury Box -- Attendance: 1020 (100,00%) -- Ticket Income 206 040 $
Game was played at the Missouri Beehive Complex.
Total Attendance: 19520 (100,00%)
Total Ticket Income: 1 442 840 $
Other Income: 504 994 $
Total Income: 1 947 834 $

PORTLAND PIRATES

5 vs 5 Forward 
   Center                   Left Wing                Right Wing               Time % Phy DF OF 
 1 Jonathan Toews           Gabriel Landeskog        Travis Konecny           33     0   1  4  
 2 Pavel Zacha              Rickard Rakell           Robert Thomas            32     0   2  3  
 3 Yanni Gourde             Chandler Stephenson      Brett Connolly           30     0   2  3  
 4 Jason Dickinson          Ryan Donato              Adam Erne                5      1   2  2  

5 vs 5 Defense 
   Defense                  Defense                                           Time % Phy DF OF 
 1 Brett Pesce              Rasmus Ristolainen                                33     0   4  1  
 2 Travis Hamonic           Alec Martinez                                     33     0   4  1  
 3 Thomas Chabot            Brian Dumoulin                                    28     0   4  1  
 4 Thomas Chabot            Rasmus Ristolainen                                6      0   3  2  

PowerPlay Forward 
   Center                   Left Wing                Right Wing               Time % Phy DF OF 
 1 Jonathan Toews           Gabriel Landeskog        Travis Konecny           60     0   1  4  
 2 Pavel Zacha              Rickard Rakell           Robert Thomas            40     0   1  4  

PowerPlay Defense
   Defense                  Defense                                           Time % Phy DF OF 
 1 Thomas Chabot            Rasmus Ristolainen                                60     0   1  4  
 2 Alec Martinez            Brett Connolly                                    40     0   1  4  

Penalty Kill 4 Players Forward 
   Center                   Wing                     Time % Phy DF OF 
 1 Jason Dickinson          Chandler Stephenson      60     0   5  0  
 2 Rickard Rakell           Adam Erne                40     0   5  0  

Penalty Kill 4 Players Defense
   Defense                  Defense                  Time % Phy DF OF 
 1 Brett Pesce              Travis Hamonic           60     0   5  0  
 2 Alec Martinez            Thomas Chabot            40     0   5  0  

Penalty Kill - 3 Players Forward 
   Forward                                           Time % Phy DF OF 
 1 Jason Dickinson                                   60     0   5  0  
 2 Chandler Stephenson                               40     0   5  0  

Penalty Kill - 3 Players Defense
   Defense                  Defense                  Time % Phy DF OF 
 1 Brett Pesce              Travis Hamonic           60     0   5  0  
 2 Rasmus Ristolainen       Thomas Chabot            40     0   5  0  

4 vs 4 Forward 
   Center                   Wing                     Time % Phy DF OF 
 1 Jonathan Toews           Gabriel Landeskog        60     0   2  3  
 2 Pavel Zacha              Travis Konecny           40     0   2  3  

4 vs 4 Defense
   Defense                  Defense                  Time % Phy DF OF 
 1 Thomas Chabot            Rasmus Ristolainen       60     0   2  3  
 2 Alec Martinez            Brett Pesce              40     0   3  2  

Last Minutes Offensive
   Center                   Left Wing                Right Wing               Defense                  Defense                  
   Jonathan Toews           Gabriel Landeskog        Travis Konecny           Thomas Chabot            Rasmus Ristolainen       

Last Minutes Defensive
   Center                   Left Wing                Right Wing               Defense                  Defense                  
   Jason Dickinson          Chandler Stephenson      Rickard Rakell           Brett Pesce              Travis Hamonic           

Goaltenders
Starting : Chris Driedger           
Backup : Ben Bishop               

Extra Forwards
Normal : Brett Connolly, Ryan Donato, Adam Erne - PP : Brett Connolly, Yanni Gourde - PK : Travis Konecny
Extra Defensemen
Normal : Thomas Chabot, Alec Martinez, Brian Dumoulin - PP : Brian Dumoulin - PK : Brian Dumoulin, Thomas Chabot
Penalty Shots
Jonathan Toews, Travis Konecny, Gabriel Landeskog, Rickard Rakell, Robert Thomas
Custom OT Lines Forwards
Jonathan Toews, Gabriel Landeskog, Travis Konecny, Rickard Rakell, Pavel Zacha, Yanni Gourde, Brett Connolly, Chandler Stephenson, Robert Thomas, Ryan Donato
Custom OT Lines Defensemen
Thomas Chabot, Rasmus Ristolainen, Brett Pesce, Alec Martinez, Travis Hamonic

Scratches
None

KANSAS CITY KILLERBEES

5 vs 5 Forward 
   Center                   Left Wing                Right Wing               Time % Phy DF OF 
 1 Sean Couturier           Zach Hyman               Mark Stone               36     1   2  2  
 2 Nick Schmaltz            Tyler Ennis              Zach Parise              34     1   2  2  
 3 Paul Stastny             Nicholas Ritchie         Josh Archibald           23     1   2  2  
 4 Oskar Sundqvist          Riley Sheahan            Ryan Dzingel             7      1   2  2  

5 vs 5 Defense 
   Defense                  Defense                                           Time % Phy DF OF 
 1 Jacob Muzzin             Adam Larsson                                      36     1   2  2  
 2 Haydn Fleury             Cam Fowler                                        35     1   2  2  
 3 Colin Miller             Oscar Fantenberg                                  28     1   2  2  
 4 Adam Larsson             Jacob Muzzin                                      1      1   2  2  

PowerPlay Forward 
   Center                   Left Wing                Right Wing               Time % Phy DF OF 
 1 Sean Couturier           Zach Hyman               Mark Stone               55     1   2  2  
 2 Nick Schmaltz            Tyler Ennis              Ryan Dzingel             45     1   2  2  

PowerPlay Defense
   Defense                  Defense                                           Time % Phy DF OF 
 1 Colin Miller             Cam Fowler                                        50     1   2  2  
 2 Haydn Fleury             Jacob Muzzin                                      50     1   2  2  

Penalty Kill 4 Players Forward 
   Center                   Wing                     Time % Phy DF OF 
 1 Riley Sheahan            Nicholas Ritchie         55     1   2  2  
 2 Paul Stastny             Josh Archibald           45     1   2  2  

Penalty Kill 4 Players Defense
   Defense                  Defense                  Time % Phy DF OF 
 1 Haydn Fleury             Adam Larsson             50     1   2  2  
 2 Colin Miller             Oscar Fantenberg         50     1   2  2  

Penalty Kill - 3 Players Forward 
   Forward                                           Time % Phy DF OF 
 1 Riley Sheahan                                     55     1   2  2  
 2 Josh Archibald                                    45     1   2  2  

Penalty Kill - 3 Players Defense
   Defense                  Defense                  Time % Phy DF OF 
 1 Oscar Fantenberg         Adam Larsson             50     1   2  2  
 2 Haydn Fleury             Cam Fowler               50     1   2  2  

4 vs 4 Forward 
   Center                   Wing                     Time % Phy DF OF 
 1 Sean Couturier           Mark Stone               55     1   2  2  
 2 Nick Schmaltz            Zach Hyman               45     1   2  2  

4 vs 4 Defense
   Defense                  Defense                  Time % Phy DF OF 
 1 Jacob Muzzin             Adam Larsson             50     1   2  2  
 2 Haydn Fleury             Cam Fowler               50     1   2  2  

Last Minutes Offensive
   Center                   Left Wing                Right Wing               Defense                  Defense                  
   Sean Couturier           Zach Hyman               Mark Stone               Cam Fowler               Jacob Muzzin             

Last Minutes Defensive
   Center                   Left Wing                Right Wing               Defense                  Defense                  
   Sean Couturier           Nick Schmaltz            Mark Stone               Adam Larsson             Jacob Muzzin             

Goaltenders
Starting : Mikhail Berdin           
Backup : John Gibson              

Extra Forwards
Normal : Mark Stone, Paul Stastny, Nick Schmaltz - PP : Nicholas Ritchie, Sean Couturier - PK : Zach Hyman
Extra Defensemen
Normal : Jacob Muzzin, Haydn Fleury, Cam Fowler - PP : Colin Miller - PK : Jacob Muzzin, Adam Larsson
Penalty Shots
Nick Schmaltz, Mark Stone, Sean Couturier, Zach Hyman, Paul Stastny
Custom OT Lines Forwards
Sean Couturier, Mark Stone, Paul Stastny, Zach Hyman, Nick Schmaltz, Tyler Ennis, Zach Parise, Oskar Sundqvist, Nicholas Ritchie, Josh Archibald
Custom OT Lines Defensemen
Jacob Muzzin, Cam Fowler, Adam Larsson, Haydn Fleury, Oscar Fantenberg

Scratches
None


% Time on Ice - PORTLAND PIRATES

Lines # - Real PCT - Wanted PCT - Time Play
Normal Forward
1 - 31% - 33% - 14:22
2 - 29% - 32% - 13:28
3 - 31% - 30% - 14:02
4 - 9% - 5% - 3:56
Normal Defense
1 - 34% - 33% - 15:47
2 - 34% - 33% - 15:41
3 - 30% - 28% - 13:35
4 - 2% - 6% - 0:45
PP Forward
1 - 43% - 60% - 3:44
2 - 57% - 40% - 4:54
PP Defense
1 - 67% - 60% - 5:45
2 - 33% - 40% - 2:53
PK Forward
1 - 67% - 60% - 3:43
2 - 33% - 40% - 1:51
PK Defense
1 - 54% - 60% - 3:01
2 - 46% - 40% - 2:33
PK3 Forward
1 - 0% - 60%
2 - 0% - 40%
PK3 Defense
1 - 0% - 60%
2 - 0% - 40%
44 Forward
1 - 0% - 60%
2 - 0% - 40%
44 Defense
1 - 0% - 60%
2 - 0% - 40%
Last Minute Offensive  - 0:00
Last Minute Defensive  - 0:00
Total
Forward - 60:00
Defense - 60:00

% Time on Ice - KANSAS CITY KILLERBEES

Lines # - Real PCT - Wanted PCT - Time Play
Normal Forward
1 - 37% - 36% - 16:53
2 - 36% - 34% - 16:19
3 - 25% - 23% - 11:14
4 - 3% - 7% - 1:22
Normal Defense
1 - 37% - 36% - 16:49
2 - 34% - 35% - 15:47
3 - 29% - 28% - 13:12
4 - 0% - 1% - 0:00
PP Forward
1 - 50% - 55% - 2:48
2 - 50% - 45% - 2:46
PP Defense
1 - 51% - 50% - 2:49
2 - 49% - 50% - 2:45
PK Forward
1 - 49% - 55% - 4:16
2 - 51% - 45% - 4:22
PK Defense
1 - 58% - 50% - 4:59
2 - 42% - 50% - 3:39
PK3 Forward
1 - 0% - 55%
2 - 0% - 45%
PK3 Defense
1 - 0% - 50%
2 - 0% - 50%
44 Forward
1 - 0% - 55%
2 - 0% - 45%
44 Defense
1 - 0% - 50%
2 - 0% - 50%
Last Minute Offensive  - 0:00
Last Minute Defensive  - 0:00
Total
Forward - 60:00
Defense - 60:00

Play-by-Play

1st period


0:01 of 1st period - Jonathan Toews wins face-off versus Mark Stone in neutral zone.
0:17 of 1st period - Icing by Adam Larsson.
0:18 of 1st period - Pavel Zacha wins face-off versus Sean Couturier in KANSAS CITY KILLERBEES zone.
0:38 of 1st period - Icing by Pavel Zacha.
0:39 of 1st period - Nick Schmaltz wins face-off versus Pavel Zacha in PORTLAND PIRATES zone.
0:54 of 1st period - Shot by Robert Thomas.
0:54 of 1st period - Shot Misses the Net.
1:01 of 1st period - Minor Penalty to Haydn Fleury for Delaying the game.
1:02 of 1st period - Jonathan Toews wins face-off versus Riley Sheahan in KANSAS CITY KILLERBEES zone.
1:05 of 1st period - Shot by Travis Konecny.
1:05 of 1st period - Stopped by Mikhail Berdin without a rebound.
1:06 of 1st period - Riley Sheahan wins face-off versus Jonathan Toews in KANSAS CITY KILLERBEES zone.
1:15 of 1st period - Adam Larsson is hit by Jonathan Toews and loses puck.
2:13 of 1st period - Josh Archibald is hit by Pavel Zacha and loses puck.
2:56 of 1st period - Shot by Josh Archibald.
2:56 of 1st period - Stopped by Chris Driedger without a rebound.
2:57 of 1st period - Jonathan Toews wins face-off versus Riley Sheahan in PORTLAND PIRATES zone.
3:16 of 1st period - Shot by Ryan Donato.
3:16 of 1st period - Shot Misses the Net.
3:28 of 1st period - Shot by Adam Erne.
3:28 of 1st period - Shot Blocked by Cam Fowler.
3:30 of 1st period - Shot by Jason Dickinson.
3:30 of 1st period - Stopped by Mikhail Berdin with a rebound.
3:36 of 1st period - Shot by Thomas Chabot.
3:36 of 1st period - Shot Misses the Net.
3:50 of 1st period - Shot by Jonathan Toews.
3:50 of 1st period - Shot Blocked by Nick Schmaltz.
4:23 of 1st period - Shot by Travis Konecny.
4:23 of 1st period - Shot Blocked by Haydn Fleury.
4:25 of 1st period - Shot by Travis Konecny.
4:25 of 1st period - Shot Blocked by Haydn Fleury.
4:58 of 1st period - Shot by Chandler Stephenson.
4:58 of 1st period - Stopped by Mikhail Berdin without a rebound.
4:59 of 1st period - Sean Couturier wins face-off versus Pavel Zacha in KANSAS CITY KILLERBEES zone.
5:08 of 1st period - Shot by Zach Hyman.
5:08 of 1st period - Deflect By Sean Couturier.
5:08 of 1st period - Shot Misses the Net.
5:10 of 1st period - Shot by Sean Couturier.
5:10 of 1st period - Shot Misses the Net.
5:11 of 1st period - Minor Penalty to Brian Dumoulin for Hooking.
5:12 of 1st period - Sean Couturier wins face-off versus Jason Dickinson in PORTLAND PIRATES zone.
7:22 of 1st period - Shot by Travis Konecny.
7:22 of 1st period - Shot Blocked by Adam Larsson.
8:13 of 1st period - Shot by Paul Stastny.
8:13 of 1st period - Shot Misses the Net.
8:15 of 1st period - Shot by Nick Schmaltz.
8:15 of 1st period - Stopped by Chris Driedger without a rebound.
8:16 of 1st period - Pavel Zacha wins face-off versus Oskar Sundqvist in PORTLAND PIRATES zone.
8:37 of 1st period - Shot by Pavel Zacha.
8:37 of 1st period - Goal by Pavel Zacha - PORTLAND PIRATES : 1 - KANSAS CITY KILLERBEES : 0.
8:38 of 1st period - Paul Stastny wins face-off versus Yanni Gourde in neutral zone.
8:41 of 1st period - Shot by Paul Stastny.
8:41 of 1st period - Deflect By Josh Archibald.
8:41 of 1st period - Shot Blocked by Brett Pesce.
10:02 of 1st period - Travis Hamonic is hit by Zach Hyman and loses puck.
11:27 of 1st period - Shot by Gabriel Landeskog.
11:27 of 1st period - Shot Blocked by Colin Miller.
11:29 of 1st period - Shot by Jonathan Toews.
11:29 of 1st period - Stopped by Mikhail Berdin without a rebound.
11:30 of 1st period - Sean Couturier wins face-off versus Jason Dickinson in KANSAS CITY KILLERBEES zone.
11:37 of 1st period - Shot by Mark Stone.
11:37 of 1st period - Stopped by Chris Driedger without a rebound.
11:38 of 1st period - Jason Dickinson wins face-off versus Paul Stastny in PORTLAND PIRATES zone.
11:38 of 1st period - Jason Dickinson is hit by Josh Archibald.
11:54 of 1st period - Shot by Adam Erne.
11:54 of 1st period - Stopped by Mikhail Berdin without a rebound.
11:55 of 1st period - Sean Couturier wins face-off versus Chandler Stephenson in KANSAS CITY KILLERBEES zone.
11:55 of 1st period - Sean Couturier is hit by Brett Connolly.
12:19 of 1st period - Sean Couturier is hit by Yanni Gourde.
13:07 of 1st period - Shot by Josh Archibald.
13:07 of 1st period - Deflect By Nicholas Ritchie.
13:07 of 1st period - Stopped by Chris Driedger without a rebound.
13:08 of 1st period - Jonathan Toews wins face-off versus Oskar Sundqvist in PORTLAND PIRATES zone.
13:41 of 1st period - Shot by Travis Konecny.
13:41 of 1st period - Deflect By Gabriel Landeskog.
13:41 of 1st period - Stopped by Mikhail Berdin with a rebound.
14:04 of 1st period - Minor Penalty to Colin Miller for Hooking.
14:05 of 1st period - Pavel Zacha wins face-off versus Paul Stastny in KANSAS CITY KILLERBEES zone.
14:18 of 1st period - Shot by Rickard Rakell.
14:18 of 1st period - Stopped by Mikhail Berdin without a rebound.
14:19 of 1st period - Riley Sheahan wins face-off versus Pavel Zacha in KANSAS CITY KILLERBEES zone.
14:46 of 1st period - Shot by Robert Thomas.
14:46 of 1st period - Goal by Robert Thomas - PORTLAND PIRATES : 2 - KANSAS CITY KILLERBEES : 0.
14:47 of 1st period - Sean Couturier wins face-off versus Yanni Gourde in neutral zone.
14:47 of 1st period - Sean Couturier is hit by Yanni Gourde.
14:48 of 1st period - Minor Penalty to Brett Connolly for Roughing.
14:49 of 1st period - Sean Couturier wins face-off versus Jason Dickinson in PORTLAND PIRATES zone.
15:04 of 1st period - Shot by Mark Stone.
15:04 of 1st period - Shot Blocked by Jason Dickinson.
15:06 of 1st period - Shot by Mark Stone.
15:06 of 1st period - Shot Blocked by Travis Hamonic.
15:08 of 1st period - Shot by Zach Hyman.
15:08 of 1st period - Shot Misses the Net.
15:10 of 1st period - Shot by Cam Fowler.
15:10 of 1st period - Shot Misses the Net.
15:20 of 1st period - Shot by Sean Couturier.
15:20 of 1st period - Shot Misses the Net.
15:33 of 1st period - Off-side.
15:34 of 1st period - Rickard Rakell wins face-off versus Nick Schmaltz in neutral zone.
15:58 of 1st period - Shot by Tyler Ennis.
15:58 of 1st period - Shot Blocked by Brett Pesce.
16:04 of 1st period - Shot by Tyler Ennis.
16:04 of 1st period - Shot Misses the Net.
16:06 of 1st period - Shot by Tyler Ennis.
16:06 of 1st period - Stopped by Chris Driedger without a rebound.
16:07 of 1st period - Sean Couturier wins face-off versus Jason Dickinson in PORTLAND PIRATES zone.
16:10 of 1st period - Shot by Zach Hyman.
16:10 of 1st period - Shot Misses the Net.
16:20 of 1st period - Shot by Mark Stone.
16:20 of 1st period - Shot Blocked by Alec Martinez.
16:22 of 1st period - Shot by Sean Couturier.
16:22 of 1st period - Stopped by Chris Driedger without a rebound.
16:23 of 1st period - Nick Schmaltz wins face-off versus Rickard Rakell in PORTLAND PIRATES zone.
16:24 of 1st period - Shot by Jacob Muzzin.
16:24 of 1st period - Goal by Jacob Muzzin - PORTLAND PIRATES : 2 - KANSAS CITY KILLERBEES : 1.
16:25 of 1st period - Sean Couturier wins face-off versus Rickard Rakell in neutral zone.
16:54 of 1st period - Shot by Sean Couturier.
16:54 of 1st period - Deflect By Zach Hyman.
16:54 of 1st period - Shot Misses the Net.
16:56 of 1st period - Shot by Mark Stone.
16:56 of 1st period - Goal by Mark Stone - PORTLAND PIRATES : 2 - KANSAS CITY KILLERBEES : 2.
16:57 of 1st period - Nick Schmaltz wins face-off versus Chandler Stephenson in neutral zone.
17:04 of 1st period - Icing by Brett Pesce.
17:05 of 1st period - Nick Schmaltz wins face-off versus Yanni Gourde in PORTLAND PIRATES zone.
17:08 of 1st period - Shot by Tyler Ennis.
17:08 of 1st period - Stopped by Chris Driedger without a rebound.
17:09 of 1st period - Nick Schmaltz wins face-off versus Pavel Zacha in PORTLAND PIRATES zone.
17:12 of 1st period - Shot by Nick Schmaltz.
17:12 of 1st period - Stopped by Chris Driedger with a rebound.
17:21 of 1st period - Minor Penalty to Tyler Ennis for Roughing.
17:22 of 1st period - Jonathan Toews wins face-off versus Riley Sheahan in KANSAS CITY KILLERBEES zone.
19:25 of 1st period - Jason Dickinson is hit by Oscar Fantenberg and loses puck.
19:29 of 1st period - Icing by Zach Hyman.
19:30 of 1st period - Jason Dickinson wins face-off versus Sean Couturier in KANSAS CITY KILLERBEES zone.
19:31 of 1st period - Shot by Ryan Donato.
19:31 of 1st period - Shot Blocked by Mark Stone.
19:51 of 1st period - Ryan Donato is hit by Oscar Fantenberg and loses puck.
Goals for this period are 2 for PORTLAND PIRATES vs 2 for KANSAS CITY KILLERBEES.
Shots for this period are 9 for PORTLAND PIRATES vs 10 for KANSAS CITY KILLERBEES.

2nd period


0:01 of 2nd period - Pavel Zacha wins face-off versus Zach Parise in neutral zone.
0:08 of 2nd period - Shot by Pavel Zacha.
0:08 of 2nd period - Stopped by Mikhail Berdin without a rebound.
0:09 of 2nd period - Yanni Gourde wins face-off versus Paul Stastny in KANSAS CITY KILLERBEES zone.
0:10 of 2nd period - Shot by Brett Connolly.
0:10 of 2nd period - Shot Misses the Net.
0:12 of 2nd period - Shot by Travis Hamonic.
0:12 of 2nd period - Stopped by Mikhail Berdin with a rebound.
0:14 of 2nd period - Shot by Brett Connolly.
0:14 of 2nd period - Stopped by Mikhail Berdin without a rebound.
0:15 of 2nd period - Robert Thomas wins face-off versus Nick Schmaltz in KANSAS CITY KILLERBEES zone.
0:32 of 2nd period - Shot by Pavel Zacha.
0:32 of 2nd period - Stopped by Mikhail Berdin without a rebound.
0:33 of 2nd period - Paul Stastny wins face-off versus Yanni Gourde in KANSAS CITY KILLERBEES zone.
2:38 of 2nd period - Shot by Travis Konecny.
2:38 of 2nd period - Shot Misses the Net.
3:08 of 2nd period - Jonathan Toews is hit by Sean Couturier.
3:11 of 2nd period - Off-side.
3:12 of 2nd period - Yanni Gourde wins face-off versus Nick Schmaltz in neutral zone.
3:15 of 2nd period - Nick Schmaltz is hit by Brett Connolly and loses puck.
3:27 of 2nd period - Icing by Jacob Muzzin.
3:28 of 2nd period - Nick Schmaltz wins face-off versus Pavel Zacha in KANSAS CITY KILLERBEES zone.
3:50 of 2nd period - Nick Schmaltz is hit by Alec Martinez and loses puck.
4:17 of 2nd period - Travis Hamonic is hit by Zach Hyman.
4:35 of 2nd period - Shot by Mark Stone.
4:35 of 2nd period - Deflect By Sean Couturier.
4:35 of 2nd period - Stopped by Chris Driedger without a rebound.
4:36 of 2nd period - Chandler Stephenson wins face-off versus Oskar Sundqvist in PORTLAND PIRATES zone.
4:36 of 2nd period - Chandler Stephenson is hit by Riley Sheahan.
4:41 of 2nd period - Icing by Yanni Gourde.
4:42 of 2nd period - Yanni Gourde wins face-off versus Sean Couturier in PORTLAND PIRATES zone.
4:42 of 2nd period - Yanni Gourde is hit by Sean Couturier.
4:53 of 2nd period - Sean Couturier is hit by Rasmus Ristolainen.
6:14 of 2nd period - Minor Penalty to Adam Larsson for Roughing.
6:15 of 2nd period - Riley Sheahan wins face-off versus Pavel Zacha in KANSAS CITY KILLERBEES zone.
6:24 of 2nd period - Shot by Rickard Rakell.
6:24 of 2nd period - Stopped by Mikhail Berdin without a rebound.
6:25 of 2nd period - Riley Sheahan wins face-off versus Pavel Zacha in KANSAS CITY KILLERBEES zone.
6:40 of 2nd period - Shot by Thomas Chabot.
6:40 of 2nd period - Shot Blocked by Jacob Muzzin.
6:42 of 2nd period - Shot by Pavel Zacha.
6:42 of 2nd period - Stopped by Mikhail Berdin without a rebound.
6:43 of 2nd period - Paul Stastny wins face-off versus Jonathan Toews in KANSAS CITY KILLERBEES zone.
6:56 of 2nd period - Shot by Gabriel Landeskog.
6:56 of 2nd period - Stopped by Mikhail Berdin without a rebound.
6:57 of 2nd period - Riley Sheahan wins face-off versus Pavel Zacha in KANSAS CITY KILLERBEES zone.
7:32 of 2nd period - Shot by Rickard Rakell.
7:32 of 2nd period - Shot Misses the Net.
8:13 of 2nd period - Icing by Gabriel Landeskog.
8:14 of 2nd period - Nick Schmaltz wins face-off versus Jason Dickinson in PORTLAND PIRATES zone.
8:35 of 2nd period - Shot by Zach Parise.
8:35 of 2nd period - Shot Misses the Net.
8:37 of 2nd period - Shot by Nick Schmaltz.
8:37 of 2nd period - Shot Misses the Net.
9:06 of 2nd period - Shot by Sean Couturier.
9:06 of 2nd period - Shot Misses the Net.
9:08 of 2nd period - Shot by Mark Stone.
9:08 of 2nd period - Stopped by Chris Driedger with a rebound.
9:10 of 2nd period - Shot by Sean Couturier.
9:10 of 2nd period - Shot Blocked by Jason Dickinson.
9:19 of 2nd period - Shot by Mark Stone.
9:19 of 2nd period - Goal by Mark Stone - PORTLAND PIRATES : 2 - KANSAS CITY KILLERBEES : 3.
9:20 of 2nd period - Paul Stastny wins face-off versus Jonathan Toews in neutral zone.
9:42 of 2nd period - Off-side.
9:43 of 2nd period - Pavel Zacha wins face-off versus Sean Couturier in neutral zone.
9:46 of 2nd period - Shot by Robert Thomas.
9:46 of 2nd period - Stopped by Mikhail Berdin without a rebound.
9:47 of 2nd period - Yanni Gourde wins face-off versus Sean Couturier in KANSAS CITY KILLERBEES zone.
10:04 of 2nd period - Shot by Yanni Gourde.
10:04 of 2nd period - Shot Blocked by Oscar Fantenberg.
10:06 of 2nd period - Shot by Chandler Stephenson.
10:06 of 2nd period - Shot Misses the Net.
10:08 of 2nd period - Shot by Brett Connolly.
10:08 of 2nd period - Goal by Brett Connolly - PORTLAND PIRATES : 3 - KANSAS CITY KILLERBEES : 3.
10:09 of 2nd period - Robert Thomas wins face-off versus Nick Schmaltz in neutral zone.
10:36 of 2nd period - Nick Schmaltz is hit by Rasmus Ristolainen and loses puck.
11:28 of 2nd period - Shot by Sean Couturier.
11:28 of 2nd period - Shot Blocked by Travis Hamonic.
11:30 of 2nd period - Shot by Mark Stone.
11:30 of 2nd period - Shot Misses the Net.
11:32 of 2nd period - Shot by Zach Hyman.
11:32 of 2nd period - Stopped by Chris Driedger without a rebound.
11:33 of 2nd period - Paul Stastny wins face-off versus Yanni Gourde in PORTLAND PIRATES zone.
11:40 of 2nd period - Shot by Paul Stastny.
11:40 of 2nd period - Stopped by Chris Driedger without a rebound.
11:41 of 2nd period - Yanni Gourde wins face-off versus Paul Stastny in PORTLAND PIRATES zone.
11:58 of 2nd period - Shot by Josh Archibald.
11:58 of 2nd period - Shot Blocked by Thomas Chabot.
12:06 of 2nd period - Shot by Paul Stastny.
12:06 of 2nd period - Shot Misses the Net.
12:08 of 2nd period - Shot by Nicholas Ritchie.
12:08 of 2nd period - Shot Misses the Net.
13:01 of 2nd period - Shot by Sean Couturier.
13:01 of 2nd period - Shot Misses the Net.
13:03 of 2nd period - Shot by Sean Couturier.
13:03 of 2nd period - Stopped by Chris Driedger without a rebound.
13:04 of 2nd period - Nick Schmaltz wins face-off versus Jonathan Toews in PORTLAND PIRATES zone.
13:39 of 2nd period - Shot by Gabriel Landeskog.
13:39 of 2nd period - Stopped by Mikhail Berdin without a rebound.
13:40 of 2nd period - Sean Couturier wins face-off versus Pavel Zacha in KANSAS CITY KILLERBEES zone.
13:42 of 2nd period - Icing by Mark Stone.
13:43 of 2nd period - Sean Couturier wins face-off versus Pavel Zacha in KANSAS CITY KILLERBEES zone.
13:43 of 2nd period - Sean Couturier is hit by Pavel Zacha.
14:12 of 2nd period - Sean Couturier is hit by Alec Martinez and loses puck.
15:17 of 2nd period - Zach Parise is hit by Alec Martinez and loses puck.
15:30 of 2nd period - Shot by Josh Archibald.
15:30 of 2nd period - Stopped by Chris Driedger without a rebound.
15:31 of 2nd period - Paul Stastny wins face-off versus Jonathan Toews in PORTLAND PIRATES zone.
16:16 of 2nd period - Gabriel Landeskog is hit by Colin Miller and loses puck.
16:33 of 2nd period - Shot by Brett Connolly.
16:33 of 2nd period - Stopped by Mikhail Berdin without a rebound.
16:34 of 2nd period - Sean Couturier wins face-off versus Jason Dickinson in KANSAS CITY KILLERBEES zone.
17:11 of 2nd period - Shot by Sean Couturier.
17:11 of 2nd period - Shot Blocked by Thomas Chabot.
18:23 of 2nd period - Shot by Travis Konecny.
18:23 of 2nd period - Deflect By Gabriel Landeskog.
18:23 of 2nd period - Shot Misses the Net.
18:36 of 2nd period - Shot by Tyler Ennis.
18:36 of 2nd period - Shot Misses the Net.
19:51 of 2nd period - Shot by Yanni Gourde.
19:51 of 2nd period - Shot Misses the Net.
Goals for this period are 1 for PORTLAND PIRATES vs 1 for KANSAS CITY KILLERBEES.
Shots for this period are 11 for PORTLAND PIRATES vs 7 for KANSAS CITY KILLERBEES.

3rd period


0:01 of 3rd period - Jonathan Toews wins face-off versus Sean Couturier in neutral zone.
0:13 of 3rd period - Icing by Adam Larsson.
0:14 of 3rd period - Sean Couturier wins face-off versus Yanni Gourde in KANSAS CITY KILLERBEES zone.
0:25 of 3rd period - Icing by Travis Hamonic.
0:26 of 3rd period - Nick Schmaltz wins face-off versus Yanni Gourde in PORTLAND PIRATES zone.
0:27 of 3rd period - Shot by Tyler Ennis.
0:27 of 3rd period - Shot Blocked by Travis Hamonic.
0:47 of 3rd period - Shot by Yanni Gourde.
0:47 of 3rd period - Shot Blocked by Haydn Fleury.
0:49 of 3rd period - Shot by Travis Hamonic.
0:49 of 3rd period - Shot Misses the Net.
0:51 of 3rd period - Shot by Alec Martinez.
0:51 of 3rd period - Stopped by Mikhail Berdin without a rebound.
0:52 of 3rd period - Jonathan Toews wins face-off versus Sean Couturier in KANSAS CITY KILLERBEES zone.
2:05 of 3rd period - Tyler Ennis is hit by Travis Hamonic and loses puck.
2:20 of 3rd period - Shot by Tyler Ennis.
2:20 of 3rd period - Stopped by Chris Driedger with a rebound.
2:22 of 3rd period - Shot by Tyler Ennis.
2:22 of 3rd period - Stopped by Chris Driedger without a rebound.
2:23 of 3rd period - Paul Stastny wins face-off versus Yanni Gourde in PORTLAND PIRATES zone.
2:24 of 3rd period - Shot by Nicholas Ritchie.
2:24 of 3rd period - Stopped by Chris Driedger without a rebound.
2:25 of 3rd period - Paul Stastny wins face-off versus Yanni Gourde in PORTLAND PIRATES zone.
3:22 of 3rd period - Nick Schmaltz is hit by Brett Connolly and loses puck.
3:58 of 3rd period - Shot by Zach Parise.
3:58 of 3rd period - Shot Misses the Net.
4:03 of 3rd period - Minor Penalty to Mark Stone for Tripping.
4:04 of 3rd period - Jonathan Toews wins face-off versus Riley Sheahan in KANSAS CITY KILLERBEES zone.
5:17 of 3rd period - Adam Larsson is hit by Rickard Rakell and loses puck.
5:28 of 3rd period - Shot by Rickard Rakell.
5:28 of 3rd period - Stopped by Mikhail Berdin with a rebound.
5:30 of 3rd period - Shot by Brett Pesce.
5:30 of 3rd period - Stopped by Mikhail Berdin with a rebound.
5:32 of 3rd period - Shot by Brett Pesce.
5:32 of 3rd period - Stopped by Mikhail Berdin without a rebound.
5:33 of 3rd period - Riley Sheahan wins face-off versus Pavel Zacha in KANSAS CITY KILLERBEES zone.
6:07 of 3rd period - Shot by Travis Hamonic.
6:07 of 3rd period - Shot Blocked by Adam Larsson.
6:09 of 3rd period - Shot by Adam Erne.
6:09 of 3rd period - Shot Misses the Net.
6:17 of 3rd period - Shot by Jason Dickinson.
6:17 of 3rd period - Deflect By Ryan Donato.
6:17 of 3rd period - Stopped by Mikhail Berdin without a rebound.
6:18 of 3rd period - Jonathan Toews wins face-off versus Sean Couturier in KANSAS CITY KILLERBEES zone.
6:18 of 3rd period - Jonathan Toews is hit by Haydn Fleury.
6:21 of 3rd period - Gabriel Landeskog is hit by Cam Fowler.
6:33 of 3rd period - Shot by Jonathan Toews.
6:33 of 3rd period - Stopped by Mikhail Berdin without a rebound.
6:34 of 3rd period - Nick Schmaltz wins face-off versus Yanni Gourde in KANSAS CITY KILLERBEES zone.
6:34 of 3rd period - Nick Schmaltz is hit by Yanni Gourde.
6:54 of 3rd period - Icing by Brian Dumoulin.
6:55 of 3rd period - Yanni Gourde wins face-off versus Sean Couturier in PORTLAND PIRATES zone.
6:55 of 3rd period - Yanni Gourde is hit by Mark Stone.
7:03 of 3rd period - Shot by Chandler Stephenson.
7:03 of 3rd period - Shot Misses the Net.
7:15 of 3rd period - Icing by Jacob Muzzin.
7:16 of 3rd period - Sean Couturier wins face-off versus Jonathan Toews in KANSAS CITY KILLERBEES zone.
7:27 of 3rd period - Shot by Gabriel Landeskog.
7:27 of 3rd period - Goal by Gabriel Landeskog - PORTLAND PIRATES : 4 - KANSAS CITY KILLERBEES : 3.
7:28 of 3rd period - Pavel Zacha wins face-off versus Nick Schmaltz in neutral zone.
7:49 of 3rd period - Shot by Rickard Rakell.
7:49 of 3rd period - Shot Misses the Net.
7:51 of 3rd period - Shot by Pavel Zacha.
7:51 of 3rd period - Shot Blocked by Haydn Fleury.
7:53 of 3rd period - Shot by Pavel Zacha.
7:53 of 3rd period - Stopped by Mikhail Berdin without a rebound.
7:54 of 3rd period - Sean Couturier wins face-off versus Jonathan Toews in KANSAS CITY KILLERBEES zone.
8:00 of 3rd period - Icing by Brett Pesce.
8:01 of 3rd period - Jonathan Toews wins face-off versus Sean Couturier in PORTLAND PIRATES zone.
9:21 of 3rd period - Shot by Robert Thomas.
9:21 of 3rd period - Stopped by Mikhail Berdin without a rebound.
9:22 of 3rd period - Paul Stastny wins face-off versus Yanni Gourde in KANSAS CITY KILLERBEES zone.
9:22 of 3rd period - Nicholas Ritchie is hit by Yanni Gourde and loses puck.
9:34 of 3rd period - Shot by Brett Connolly.
9:34 of 3rd period - Shot Blocked by Oscar Fantenberg.
9:50 of 3rd period - Off-side.
9:51 of 3rd period - Pavel Zacha wins face-off versus Nick Schmaltz in neutral zone.
10:13 of 3rd period - Shot by Zach Parise.
10:13 of 3rd period - Deflect By Tyler Ennis.
10:13 of 3rd period - Stopped by Chris Driedger without a rebound.
10:14 of 3rd period - Jonathan Toews wins face-off versus Sean Couturier in PORTLAND PIRATES zone.
11:02 of 3rd period - Minor Penalty to Rasmus Ristolainen for Hooking.
11:03 of 3rd period - Jason Dickinson wins face-off versus Nick Schmaltz in PORTLAND PIRATES zone.
11:32 of 3rd period - Shot by Chandler Stephenson.
11:32 of 3rd period - Shot Misses the Net.
11:34 of 3rd period - Shot by Thomas Chabot.
11:34 of 3rd period - Shot Misses the Net.
11:36 of 3rd period - Shot by Jason Dickinson.
11:36 of 3rd period - Stopped by Mikhail Berdin with a rebound.
12:28 of 3rd period - Shot by Sean Couturier.
12:28 of 3rd period - Stopped by Chris Driedger without a rebound.
12:29 of 3rd period - Zach Hyman wins face-off versus Rickard Rakell in PORTLAND PIRATES zone.
12:30 of 3rd period - Shot by Mark Stone.
12:30 of 3rd period - Shot Blocked by Alec Martinez.
12:47 of 3rd period - Icing by Sean Couturier.
12:48 of 3rd period - Sean Couturier wins face-off versus Jason Dickinson in KANSAS CITY KILLERBEES zone.
12:48 of 3rd period - Sean Couturier is hit by Jason Dickinson.
13:00 of 3rd period - Shot by Sean Couturier.
13:00 of 3rd period - Shot Misses the Net.
13:46 of 3rd period - Shot by Pavel Zacha.
13:46 of 3rd period - Stopped by Mikhail Berdin without a rebound.
13:47 of 3rd period - Jonathan Toews wins face-off versus Nick Schmaltz in KANSAS CITY KILLERBEES zone.
14:23 of 3rd period - Shot by Jonathan Toews.
14:23 of 3rd period - Shot Misses the Net.
14:25 of 3rd period - Shot by Travis Hamonic.
14:25 of 3rd period - Shot Misses the Net.
14:27 of 3rd period - Shot by Travis Hamonic.
14:27 of 3rd period - Stopped by Mikhail Berdin without a rebound.
14:28 of 3rd period - Yanni Gourde wins face-off versus Sean Couturier in KANSAS CITY KILLERBEES zone.
16:01 of 3rd period - Shot by Paul Stastny.
16:01 of 3rd period - Shot Misses the Net.
16:18 of 3rd period - Off-side.
16:19 of 3rd period - Oskar Sundqvist wins face-off versus Pavel Zacha in neutral zone.
16:22 of 3rd period - Shot by Oskar Sundqvist.
16:22 of 3rd period - Deflect By Ryan Dzingel.
16:22 of 3rd period - Stopped by Chris Driedger without a rebound.
16:22 of 3rd period - Chris Driedger from PORTLAND PIRATES is injured at 16:22 of 3rd period (Sprained Left Finger).
16:22 of 3rd period - Ben Bishop enters game.
16:23 of 3rd period - Pavel Zacha wins face-off versus Nick Schmaltz in PORTLAND PIRATES zone.
16:36 of 3rd period - Shot by Nick Schmaltz.
16:36 of 3rd period - Shot Misses the Net.
16:58 of 3rd period - Shot by Zach Parise.
16:58 of 3rd period - Stopped by Ben Bishop without a rebound.
16:59 of 3rd period - Jonathan Toews wins face-off versus Zach Hyman in PORTLAND PIRATES zone.
17:09 of 3rd period - Shot by Sean Couturier.
17:09 of 3rd period - Goal by Sean Couturier - PORTLAND PIRATES : 4 - KANSAS CITY KILLERBEES : 4.
17:10 of 3rd period - Jonathan Toews wins face-off versus Paul Stastny in neutral zone.
17:19 of 3rd period - Shot by Travis Konecny.
17:19 of 3rd period - Stopped by Mikhail Berdin with a rebound.
17:21 of 3rd period - Shot by Jonathan Toews.
17:21 of 3rd period - Stopped by Mikhail Berdin with a rebound.
17:25 of 3rd period - Shot by Gabriel Landeskog.
17:25 of 3rd period - Stopped by Mikhail Berdin with a rebound.
17:51 of 3rd period - Shot by Travis Konecny.
17:51 of 3rd period - Shot Blocked by Oscar Fantenberg.
17:53 of 3rd period - Shot by Jonathan Toews.
17:53 of 3rd period - Stopped by Mikhail Berdin without a rebound.
17:54 of 3rd period - Nick Schmaltz wins face-off versus Pavel Zacha in KANSAS CITY KILLERBEES zone.
18:46 of 3rd period - Icing by Haydn Fleury.
18:47 of 3rd period - Nick Schmaltz wins face-off versus Jonathan Toews in KANSAS CITY KILLERBEES zone.
19:14 of 3rd period - Shot by Mark Stone.
19:14 of 3rd period - Stopped by Ben Bishop with a rebound.
19:16 of 3rd period - Shot by Zach Hyman.
19:16 of 3rd period - Shot Misses the Net.
19:18 of 3rd period - Shot by Jacob Muzzin.
19:18 of 3rd period - Shot Blocked by Thomas Chabot.
19:20 of 3rd period - Shot by Mark Stone.
19:20 of 3rd period - Stopped by Ben Bishop without a rebound.
19:21 of 3rd period - Yanni Gourde wins face-off versus Paul Stastny in PORTLAND PIRATES zone.
19:25 of 3rd period - Icing by Rasmus Ristolainen.
19:26 of 3rd period - Paul Stastny wins face-off versus Yanni Gourde in PORTLAND PIRATES zone.
Goals for this period are 1 for PORTLAND PIRATES vs 1 for KANSAS CITY KILLERBEES.
Shots for this period are 16 for PORTLAND PIRATES vs 10 for KANSAS CITY KILLERBEES.

Overtime #1


0:01 of 1st overtime period - Jonathan Toews wins face-off versus Sean Couturier in neutral zone.
0:10 of 1st overtime period - Shot by Jonathan Toews.
0:10 of 1st overtime period - Shot Misses the Net.
0:43 of 1st overtime period - Shot by Sean Couturier.
0:43 of 1st overtime period - Deflect By Mark Stone.
0:43 of 1st overtime period - Stopped by Ben Bishop without a rebound.
0:44 of 1st overtime period - Rickard Rakell wins face-off versus Paul Stastny in PORTLAND PIRATES zone.
1:03 of 1st overtime period - Shot by Rickard Rakell.
1:03 of 1st overtime period - Shot Misses the Net.
2:02 of 1st overtime period - Shot by Mark Stone.
2:02 of 1st overtime period - Goal by Mark Stone - PORTLAND PIRATES : 4 - KANSAS CITY KILLERBEES : 5.
Goals for this period are 0 for PORTLAND PIRATES vs 1 for KANSAS CITY KILLERBEES.
Shots for this period are 0 for PORTLAND PIRATES vs 2 for KANSAS CITY KILLERBEES.


SEBASTIAN
AHO
MARK
SCHEIFELE
JAKE
OETTINGER

EAST COAST

HOCKEY LEAGUE

  • 17.QUE3CHI2
  • 18.CHA2LIM4
  • 19.TRV3LON2
  • 20.CHW1BAL2
  • 21.PITMAN
  • 22.ATLNHW
  • 23.WORPET
  • 24.RHI